 Dungeon Crawl Stone Soup version 0.26.1-2-gb8aa6d0cf2 (webtiles) character file.

Game seed: 6554372539408621045

26 hawla the Conjurer (level 2, -3/16 HPs)
             Began as a Deep Elf Conjurer on Feb 25, 2021.
             Slain by a worm (9 damage)
             ... on level 2 of the Dungeon.
             The game lasted 00:02:48 (1215 turns).

hawla the Conjurer (Deep Elf Conjurer)              Turns: 1215, Time: 00:02:50

Health: -3/16      AC:  2    Str:  4    XL:     2   Next: 89%
Magic:  0/8        EV: 13    Int: 22    God:
Gold:   103        SH:  0    Dex: 13    Spells: 4/7 levels left

rFire    . . .     SeeInvis .   g - +0 quarterstaff
rCold    . . .     Faith    .   (shield currently unavailable)
rNeg     . . .     Spirit   .   a - +0 robe
rPois    .         Reflect  .   (no helmet)
rElec    .         Harm     .   (no cloak)
rCorr    .         Rampage  .   (no gloves)
Will     .....                  (no boots)
Stlth    ++........             (no amulet)
HPRegen  0.05/turn              (no ring)
MPRegen  0.11/turn              (no ring)

@: no status effects
A: no striking features
a: no special abilities


You were on level 2 of the Dungeon.
You visited 1 branch of the dungeon, and saw 2 of its levels.

You collected 103 gold pieces.

Inventory:

Hand Weapons
 g - a +0 quarterstaff (weapon)
Armour
 a - a +0 robe (worn)
Scrolls
 b - a scroll of identify
 c - 3 scrolls of remove curse
 d - a scroll of enchant armour
 f - a scroll of enchant weapon {unknown}
Potions
 e - a potion of resistance


   Skills:
 + Level 0.5 Fighting
 + Level 2.8 Dodging
 + Level 2.7 Stealth
 + Level 3.2 Spellcasting
 + Level 4.6 Conjurations
 + Level 1.0 Necromancy
 + Level 0.7 Translocations


You had 4 spell levels left.
You knew the following spells:

 Your Spells              Type           Power        Failure   Level
a - Magic Dart            Conj           92%          1%          1
b - Searing Ray           Conj           46%          2%          2

Your spell library contained the following spells:

 Spells                   Type           Power        Failure   Level
 Dazzling Flash           Conj/Hex       26%          14%         3
 Iskenderun's Mystic Bla  Conj/Tloc      15%          38%         4
 Fulminant Prism          Conj/Hex       6%           43%         4


Dungeon Overview and Level Annotations

Branches:
Dungeon (2/15)

Altars:
Okawaru


Message History

The worm is almost dead.
You hit the worm.
The worm is almost dead.
The worm bites you!
Ouch! That really hurt!
You are too injured to fight recklessly!
You are too injured to fight recklessly!
Casting: Searing Ray (safe; 2% risk of failure)
Confirm with . or Enter, or press ? or * to list all spells.
You don't have enough magic to cast that spell.
Casting: Searing Ray (safe; 2% risk of failure)
Confirm with . or Enter, or press ? or * to list all spells.
Aiming: Magic Dart (safe; 1% risk of failure)
Press: ? - help, Shift-Dir - straight line, f/p - worm
Aim: a worm (almost dead, 0% to evade)
The magic dart hits the worm but does no damage.
The worm is almost dead.
The worm bites you!
Ouch! That really hurt!
You die...

.(...>......##############)######
#####............................
#######.#..............######
#.#.##########.### #####.#.# #.#
#.......####### #.#
#.####..##....# #.#
#..##....####.## ##...@.........#
#..#.w..####..##### ##.#....#
#..#...# #....).# #.....##
##.....# #.....## #.......
#......### #..##....#.....##..
##.# ....#.....##.# #.###.##.#


You could see a worm.

Vanquished Creatures
  An ooze (D:1)
  A worm (D:2)
  A leopard gecko (D:1)
  A giant cockroach (D:1)
  A goblin (D:1)
  3 hobgoblins
  3 kobolds
  2 ball pythons
  4 bats
  A frilled lizard (D:1)
18 creatures vanquished.

Notes
Turn   | Place    | Note
-------+----------+-------------------------------------------
     0 | D:1      | hawla the Deep Elf Conjurer began the quest for the Orb.
     0 | D:1      | Reached XP level 1. HP: 10/10 MP: 6/6
    72 | D:1      | Found an iron altar of Okawaru.
   326 | D:1      | Reached XP level 2. HP: 15/15 MP: 5/8
   336 | D:1      | Learned a level 2 spell: Searing Ray
  1151 | D:2      | Reached skill level 1 in Necromancy
  1215 | D:2      | Slain by a worm

Illustrated notes

Levels and vault maps discovered:
D:1:      minmay_arrival_checkered_box, layout_basic, serial_bayou_pond_a,
          okawaru_ov_weapons_minmay
D:2:      layout_basic, minmay_misc_feat_ornament

Skill      XL: |  1  2 |
---------------+-------+-----
Necromancy     | 1 |  1.0
Fighting       | |  0.5
Dodging        | |  2.8
Stealth        | |  2.7
Spellcasting   | |  3.2
Conjurations   | |  4.6
Translocations | |  0.7

Action                   || total
-------------------------++-------
Melee: Quarterstaff      ||     4
       Unarmed           ||     1
 Cast: Magic Dart        ||    24
       Searing Ray       ||     8
  Use: Scroll            ||     3
Armor: Robe              ||     1
Dodge: Dodged            ||     6
